 Dungeon Crawl Stone Soup version 0.32-a0-540-g866d13106e (webtiles) character file.

Game seed: 4762743624058308795

14 holysushi the Slasher (level 2, 24/24 HPs)
             Began as a Coglin Monk on Feb 29, 2024.
             Was a Believer of Vehumet.
             Quit the game on level 1 of the Dungeon.
             The game lasted 00:00:44 (911 turns).

holysushi the Slasher (Coglin Monk)                  Turns: 911, Time: 00:00:45

Health: 24/24      AC:  2    Str: 11    XL:     2   Next: 45%
Magic:  2/2        EV: 13    Int:  9    God:    Vehumet [**....]
Gold:   68         SH:  0    Dex: 16    Spells: 1/1 levels left

rFire   . . .        a - +0 falchion {Teghnoor}
rCold   . . .        d - orb {light}
rNeg    . . .        b - +0 robe
rPois   .            (no helmet)
rElec   .            (no cloak)
rCorr   .            (no gloves)
SInv    .            (no boots)
Will    .....        (no amulet)
Stlth   +            (ring unavailable)
HPRegen 0.24/turn    (ring unavailable)
MPRegen 0.08/turn

%: no passive effects
@: glowing
A: off-hand wielding, slow wielding, warmup strikes, no rings
a: Renounce Religion


You were on level 1 of the Dungeon.
You worshipped Vehumet.
Vehumet was pleased with you.
You visited 1 branch of the dungeon, and saw 1 of its levels.

You collected 68 gold pieces.

Inventory:

Hand Weapons
 a - a +0 falchion (weapon) {Teghnoor}
Armour
 b - a +0 robe (worn)
 d - an orb of light (worn)
Scrolls
 e - 2 scrolls of enchant weapon {unknown}
 g - a scroll of immolation {unknown}
 j - a scroll of teleportation {unknown}
Potions
 c - a potion of ambrosia
 f - a potion of berserk rage {unknown}
 h - a potion of curing {unknown}
 i - a potion of haste {unknown}


   Skills:
 + Level 3.3 Fighting
 + Level 3.5 Long Blades
 - Level 2.6 Dodging


You had one spell level left.
You didn't know any spells.
Your spell library was empty.

Dungeon Overview and Level Annotations

Branches:
Dungeon (1/15) Zot: 5065

Altars:
Vehumet


Innate Abilities, Weirdness & Mutations

You can wield a second weapon in your off-hand.
It takes a long time for you to wield or remove held weapons.
Your first few attacks do less damage.
Your grasper-arms cannot wear rings.


Message History

You kill the kobold!
i - a grey potion No target in view!
No target in view!
Key pressed, stopping explore.
No target in view!
You now have 68 gold pieces (gained 3).
Found a dagger.
Found a faded altar of an unknown god.
No target in view!
You see here a bat skeleton.
You enter the shallow water.
Moving in this stuff is going to be slow.
You enter the shallow water.
Moving in this stuff is going to be slow.
You enter the shallow water.
Moving in this stuff is going to be slow.
There is a stone staircase leading down here.
j - a scroll labelled QUBBOQ PEUKHY You enter the shallow water.
Moving in this stuff is going to be slow.
You enter the shallow water.
Moving in this stuff is going to be slow.
You enter the shallow water.
Moving in this stuff is going to be slow.
You enter the shallow water.
Moving in this stuff is going to be slow.
Partly explored, can't reach some places.
Partly explored, can't reach some places.
Partly explored, can't reach some places.
There is a faded altar of an unknown god here.
You see here a +0 dagger.
This altar belongs to (a) Beogh, (b) Cheibriados or (c) Vehumet, but you can't tell which.
Press the corresponding letter to learn more about a god, or press enter to convert or escape to cancel.
Vehumet accepts your prayer! Vehumet welcomes you!
You can now gain magical power from killing.
Vehumet offers you knowledge of Freeze.
You don't know any spells.
Okay, then.
You don't know any spells.
Are you sure you want to abandon this character and quit the game? (Confirm with "yes".)

...§≈§#.#§≈≈..#.#
.#...≈#.#≈...##.#
.###.......####.#
#####...#### #.#
#.....### #.#
#####.# ##.#### #
#.# #.....# #
##.# ###.....# #
#..# #....@..# #
#.## #.......# #
#.# #.......# #
#.# #.####### #
#.# #.# # #.# #.#
####.#######.#
#............#
#....#########


There were no monsters in sight!

Vanquished Creatures
  A dart slug (D:1)
  An endoplasm (D:1)
  3 goblins (D:1)
  2 kobolds (D:1)
  3 bats (D:1)
  A rat (D:1)
11 creatures vanquished.

Notes
Turn   | Place    | Note
-------+----------+-------------------------------------------
     0 | D:1      | holysushi the Coglin Monk began the quest for the Orb.
     0 | D:1      | Reached XP level 1. HP: 18/18 MP: 1/1
   351 | D:1      | Reached XP level 2. HP: 24/24 MP: 2/2
   594 | D:1      | Found a faded altar of an unknown god.
   910 | D:1      | Prayed at the altar of an unknown god.
   910 | D:1      | Became a worshipper of Vehumet
   910 | D:1      | Reached * piety under Vehumet
   910 | D:1      | Offered knowledge of Freeze by Vehumet.
   910 | D:1      | Reached ** piety under Vehumet
   911 | D:1      | Quit the game

Illustrated notes

Levels and vault maps discovered:
D:1:      dpeg_arrival_boxorama, layout_loops_ring,
          ebering_ecumenical_altar_sacrificial, grunt_decor_junction,
          chequers_serial_rivers_large_a

Action                     || total
---------------------------++-------
  Melee: Falchion          ||    27
 Armour: Robe              ||    14
  Dodge: Dodged            ||    21

Table legend: (Time is in decaauts)
 A = Elapsed time spent in this place.
 B = Non-inter-level travel time spent in this place.
 C = Inter-level travel time spent in this place.
 D = Time resting spent in this place.
 E = Time spent auto-exploring this place.
 F = Levels seen in this place.
 G = Mean time per level.
                   A        B        C        D        E       F      G
               +--------+--------+--------+--------+--------+-----+--------+
         Total |    934 |    851 |     83 |      0 |    763 |   1 |  934.0 |
       Dungeon |    934 |    851 |     83 |      0 |    763 |   1 |  934.0 |
               +--------+--------+--------+--------+--------+-----+--------+

Top non-repeatable levels by time:
     D:1: 934 daAuts
